 Dungeon Crawl Stone Soup version 0.26-a0-642-g67e99244d3 (webtiles) character file.

Game seed: 12964641719690353762

597974 tikhun the Executioner (level 26, -1/258 HPs)
             Began as a Minotaur Fighter on Sept 20, 2020.
             Was the Champion of Okawaru.
             Slain by an Ice Fiend (17 damage)
             ... on level 4 of the Dungeon on Sept 22, 2020.
             The game lasted 05:06:11 (57122 turns).

tikhun the Executioner (Minotaur Fighter)          Turns: 57122, Time: 05:06:13

Health: -1/258     AC: 37    Str: 36    XL:     26   Next: 40%
Magic:  25/27      EV: 24    Int:  5    God:    Okawaru [******]
Gold:   5739       SH: 42    Dex: 18    Spells: 25/25 levels left

rFire    + + +     SeeInvis +   S - +5 hand axe of Sharp Tortfeasance {vorpal, rElec Dex-2 Stlth+}
rCold    + + .     Faith    .   c - +14 tower shield of the Six Wars {Slay+3}
rNeg     . . .     Spirit   .   a - +8 plate armour of the Present {rPois Int+2 Slay+2}
rPois    +         Reflect  .   K - +2 hat
rElec    +         Harm     .   y - scarf {rC+ rF+}
rCorr    +         Rampage  .   t - +2 pair of gloves {archery}
MR       ++...                  D - +1 pair of boots of Impressiveness {Slay+2}
Stlth    ..........             h - amulet of regeneration
HPRegen  1.33/turn              e - ring of Miegaona {rF+ MR+ Dex+7 SInv}
MPRegen  0.20/turn              b - ring of Perfectionism {AC+4 Str+8 Int-4}

@: resistant, heroism, very slightly contaminated, drained, invisible
A: retaliatory headbutt, horns 2, blurry vision 1, deformed body, deterioration
1, regeneration 1, subdued magic 1
0: Orb of Zot
}: 3/15 runes: barnacled, silver, gossamer
a: Heroism, Finesse, Renounce Religion


You were on level 4 of the Dungeon.
You worshipped Okawaru.
Okawaru was exalted by your worship.
You visited 9 branches of the dungeon, and saw 47 of its levels.
You visited the Abyss 2 times.
You visited 1 bazaar.
You also visited: Ice Cave.

You collected 8560 gold pieces.
You spent 2821 gold pieces at shops.

Inventory:

Hand Weapons
 l - the +7 trident "Imp's Demise" {vorpal, rPois rC+ Int+4 Stlth-}
   (You found it on level 5 of the Realm of Zot)

   It inflicts extra damage upon your enemies.
   It affects your intelligence (+4).
   It protects you from cold.
   It protects you from poison.
   It makes you less stealthy.
 E - the +7 flail of the Lies {freeze, Dex+4}
   (You took it off a big kobold on level 8 of the Dungeon)

   It has been specially enchanted to freeze those struck by it, causing extra
   injury to most foes and up to half again as much damage against particularly
   susceptible opponents.
   It can also slow down cold-blooded creatures.
   It affects your dexterity (+4).
 P - the +14 obsidian axe {vorpal, +Fly SInv *Curse}
   (Okawaru gifted it to you on level 5 of the Vaults)

   It inflicts extra damage upon your enemies.
   It lets you see invisible.
   It lets you fly.
   It curses itself when equipped.
 S - the +5 hand axe of Sharp Tortfeasance (weapon) {vorpal, rElec Dex-2 Stlth+}
   (Okawaru gifted it to you on level 2 of the Lair of Beasts)

   It inflicts extra damage upon your enemies.
   It affects your dexterity (-2).
   It insulates you from electricity.
   It makes you more stealthy.
Missiles
 H - 66 javelins (quivered)
Armour
 a - the +8 plate armour of the Present (worn) {rPois Int+2 Slay+2}
   (Okawaru gifted it to you on level 10 of the Dungeon)

   It affects your intelligence (+2).
   It affects your accuracy and damage with ranged weapons and melee attacks
   (+2).
   It protects you from poison.
 c - the +14 tower shield of the Six Wars (worn) {Slay+3}
   (Okawaru gifted it to you on level 1 of the Realm of Zot)

   It affects your accuracy and damage with ranged weapons and melee attacks
   (+3).
 t - a +2 pair of gloves of archery (worn)
 y - a scarf of resistance (worn)
 B - the +9 plate armour "Angups" {rF+ MR+ Str+3}
   (Okawaru gifted it to you on level 4 of the Shoals)

   It affects your strength (+3).
   It protects you from fire.
   It affects your resistance to hostile enchantments.
 D - the +1 pair of boots of Impressiveness (worn) {Slay+2}
   (Okawaru gifted it to you on level 6 of the Lair of Beasts)

   It affects your accuracy and damage with ranged weapons and melee attacks
   (+2).
 K - a +2 hat (worn)
Jewellery
 b - the ring of Perfectionism (right hand) {AC+4 Str+8 Int-4}
   (You bought it in a shop on level 4 of the Vaults)

   [ring of protection]

   It affects your AC (+4).
   It affects your strength (+8).
   It affects your intelligence (-4).
 e - the ring of Miegaona (left hand) {rF+ MR+ Dex+7 SInv}
   (You bought it in a shop in a bazaar)

   [ring of see invisible]

   It affects your dexterity (+7).
   It protects you from fire.
   It affects your resistance to hostile enchantments.
   It lets you see invisible.
 g - the ring of Juopex {rElec rPois rF+ Dex+3}
   (You found it on level 1 of the Realm of Zot)

   [ring of poison resistance]

   It affects your dexterity (+3).
   It protects you from fire.
   It insulates you from electricity.
   It protects you from poison.
 h - an amulet of regeneration (around neck)
 C - the ring of Merghucve {rC+ Dex+2}
   (You found it on level 4 of the Shoals)

   [ring of protection from cold]

   It affects your dexterity (+2).
   It protects you from cold.
 J - the amulet "Viaqa" {Spirit MR+}
   (You took it off a deep elf mage on level 5 of the Vaults)

   [amulet of guardian spirit]

   It causes incoming damage to be split between your health and magic.
   It affects your resistance to hostile enchantments.
 V - an uncursed ring of positive energy
 Y - an uncursed ring of magical power
Wands
 n - a wand of polymorph (61)
 q - a wand of paralysis (27)
 s - a wand of random effects (15)
 u - a wand of disintegration (45)
 G - a wand of iceblast (23)
 T - a wand of digging (43)
 X - a wand of enslavement (37)
Scrolls
 f - 29 scrolls of remove curse
 j - a scroll of enchant armour
 m - 11 scrolls of teleportation
 o - 4 scrolls of amnesia
 p - 2 scrolls of silence
 r - 3 scrolls of magic mapping
 x - 7 scrolls of enchant weapon
 z - 5 scrolls of fear
 I - 9 scrolls of fog
 Q - a scroll of holy word
 W - 2 scrolls of blinking
 Z - 2 scrolls of summoning
Potions
 d - 9 potions of might
 k - 7 potions of ambrosia
 v - 4 potions of haste
 w - 3 potions of invisibility
 A - 10 potions of resistance
 F - 2 potions of magic
 M - 3 potions of berserk rage
 N - 4 potions of cancellation
 O - 11 potions of curing
Miscellaneous
 i - a lightning rod (4/4)
 L - a tin of tremorstones (3/3)
 R - a phial of floods


   Skills:
 + Level 25.3 Fighting
 + Level 25.9(25.3) Axes
 - Level 5.6(9.4) Throwing
 - Level 22.7(25.3) Armour
 * Level 17.4(20.9) Dodging
 * Level 21.1(24.4) Shields
 - Level 7.8(6.7) Invocations
 - Level 13.1(11.8) Evocations


You had 25 spell levels left.
You didn't know any spells.
Your spell library contained the following spells:

 Spells                   Type           Power        Failure   Level
 Animate Skeleton         Necr           #.....       78%         1
 Apportation              Tloc           #.....       78%         1
 Beastly Appendage        Tmut           #.....       78%         1
 Corona                   Hex            #......      78%         1
 Foxfire                  Conj/Fire      #...         78%         1
 Freeze                   Ice            #...         78%         1
 Magic Dart               Conj           #...         78%         1
 Pain                     Necr           #...         78%         1
 Sandblast                Erth           #.....       78%         1
 Shock                    Conj/Air       #...         78%         1
 Summon Small Mammal      Summ           #...         78%         1
 Corpse Rot               Necr/Air       N/A          89%         2
 Ensorcelled Hibernation  Hex/Ice        #.....       89%         2
 Passwall                 Tmut/Erth      #.......     89%         2
 Searing Ray              Conj           #.....       89%         2
 Slow                     Hex            #.......     89%         2
 Sublimation of Blood     Necr           #.........   89%         2
 Swiftness                Air            #.......     89%         2
 Wereblood                Tmut           #.......     89%         2
 Confusing Touch          Hex            #.......     99%         3
 Conjure Flame            Conj/Fire      #.......     99%         3
 Dazzling Flash           Conj/Hex       #.....       99%         3
 Frozen Ramparts          Ice            #.....       99%         3
 Gell's Gravitas          Tloc           #.........   99%         3
 Ignite Poison            Fire/Tmut/Pois #.......     99%         3
 Inner Flame              Hex/Fire       #.......     99%         3
 Ozocubu's Armour         Ice            #.......     99%         3
 Portal Projectile        Hex/Tloc       #.....       99%         3
 Spider Form              Tmut/Pois      #.........   99%         3
 Static Discharge         Conj/Air       #.......     99%         3
 Stone Arrow              Conj/Erth      #.....       99%         3
 Tukima's Dance           Hex            #.......     99%         3
 Vampiric Draining        Necr           #.........   99%         3
 Airstrike                Air            #.........   100%        4
 Animate Dead             Necr           #.........   100%        4
 Cause Fear               Hex            #.........   100%        4
 Dispel Undead            Necr           #.......     100%        4
 Fulminant Prism          Conj/Hex       #.........   100%        4
 Hailstorm                Conj/Ice       #.......     100%        4
 Ice Form                 Ice/Tmut       #.......     100%        4
 Iskenderun's Mystic Bla  Conj/Tloc      #.......     100%        4
 Leda's Liquefaction      Hex/Erth       #.........   100%        4
 Passage of Golubria      Tloc           N/A          100%        4
 Petrify                  Tmut/Erth      #.......     100%        4
 Sticky Flame             Conj/Fire      #.......     100%        4
 Summon Ice Beast         Ice/Summ       #.......     100%        4
 Summon Lightning Spire   Summ/Air       #.......     100%        4
 Agony                    Necr           #.......     100%        5
 Blade Hands              Tmut           #.........   100%        5
 Bolt of Magma            Conj/Fire/Erth #.........   100%        5
 Borgnjor's Vile Clutch   Necr/Erth      #.........   100%        5
 Excruciating Wounds      Necr           #.........   100%        5
 Fireball                 Conj/Fire      #.........   100%        5
 Iskenderun's Battlesphe  Conj           #.......     100%        5
 Lee's Rapid Deconstruct  Erth           #.........   100%        5
 Lightning Bolt           Conj/Air       #.........   100%        5
 Metabolic Englaciation   Hex/Ice        #.........   100%        5
 Silence                  Hex/Air        #.........   100%        5
 Summon Demon             Summ           #.........   100%        5
 Summon Forest            Summ/Tloc      #.........   100%        5
 Summon Mana Viper        Hex/Summ       #.......     100%        5
 Yara's Violent Unravell  Hex/Tmut       #.........   100%        5
 Conjure Ball Lightning   Conj/Air       #.........   100%        6
 Death Channel            Necr           #.........   100%        6
 Dispersal                Tloc           #.........   100%        6
 Freezing Cloud           Conj/Ice/Air   #.........   100%        6
 Invisibility             Hex            #.......     100%        6
 Iron Shot                Conj/Erth      #.........   100%        6
 Ozocubu's Refrigeration  Ice            #.........   100%        6
 Shadow Creatures         Summ           N/A          100%        6
 Simulacrum               Ice/Necr       #.........   100%        6
 Starburst                Conj/Fire      #.........   100%        6
 Statue Form              Tmut/Erth      #........    100%        6
 Malign Gateway           Summ/Tloc      #.........   100%        7
 Monstrous Menagerie      Summ           #.........   100%        7
 Orb of Destruction       Conj           #.........   100%        7
 Spellforged Servitor     Conj/Summ      #.........   100%        7
 Summon Greater Demon     Summ           #.........   100%        7
 Summon Hydra             Summ           #.........   100%        7
 Disjunction              Tloc           #.........   100%        8
 Ignition                 Fire           #.........   100%        8
 Summon Horrible Things   Summ           #.........   100%        8
 Tornado                  Air            #.........   100%        9


Dungeon Overview and Level Annotations

Branches:
Dungeon (15/15)            Temple (1/1) D:6            Lair (6/6) D:10
 Shoals (4/4) Lair:2       Spider (4/4) Lair:2        Slime (0/5) Lair:6
    Orc (2/2) D:10            Elf (0/3) Orc:2        Vaults (5/5) D:14
  Crypt (0/3) Vaults:2     Depths (5/5) D:15            Zot (5/5) Depths:5
  IceCv (visited)

Altars:
Ashenzari
Cheibriados
Dithmenos
Elyvilon
Fedhas
Gozag
Hepliaklqana
Kikubaaqudgha
Makhleb
Nemelex Xobeh
Okawaru
Qazlal
Ru
Sif Muna
Trog
Uskayaw
Vehumet
Wu Jian
Xom
Yredelemnul
Zin
The Shining One
Beogh

Shops:
D:10 :   Orc:2 ((*!   Shoals:4 [   Vaults:3 [   Vaults:4 :=[(=   Depths:5 }=}

Portals:
Hell: Depths:1 Depths:2 Depths:3 Depths:4 Depths:5
Abyss: Depths:4
Pandemonium: Depths:1 Depths:2 Depths:3
Ziggurat: Depths:2
Trove: D:12 (give +3 shadow dragon scales)

Annotations:
D:8 2 transporters
Depths:2 1 runed translucent door


Innate Abilities, Weirdness & Mutations

You reflexively headbutt those who attack you in melee.
You have a pair of horns on your head.
Scrolls take you a little longer to read.
Armour fits poorly on your strangely shaped body.
Your body sometimes deteriorates upon taking damage.
Your natural rate of healing is unusually fast.
Your spells are a little easier to cast, but a little less powerful.


Message History

* * * LOW HITPOINT WARNING * * *
You hit the Ice Fiend but do no damage.
The Ice Fiend is heavily wounded.
The Ice Fiend gestures at you. The bolt of cold hits you. You resist.
* * * LOW HITPOINT WARNING * * *
Okay, then.
You slice the Ice Fiend!!
The Ice Fiend is severely wounded.
You gain the combat prowess of a mighty hero.
The Ice Fiend gestures at you. The bolt of cold hits you! You resist.
* * * LOW HITPOINT WARNING * * *
You hit the Ice Fiend.
You headbutt the Ice Fiend, but do no damage.
The Ice Fiend is severely wounded.
You block the Ice Fiend's attack. The Ice Fiend claws you!
* * * LOW HITPOINT WARNING * * *
The Ice Fiend freezes you! You resist.
You die...

#...#
#.....###.....#....
#...#
#.....##...........
#...#
#.....##.......###.
#...#
#.....##...........
#...#
#.....##...........
#...#
#.....#######......
#########.[...###
#......
#.....1[...#
#####..
#....@.)...# #..
#..........# #..
#..........# #..
#......[...# #..
#..........## #..
#...#.#.#.#.## ###
#.......(....#
#...#.#>#.#.##
#............#


You could see an Ice Fiend.

Vanquished Creatures
  3 orbs of fire (Zot:5)
  2 ancient liches
  A Killer Klown (Zot:5)
  2 curse toes
  5 golden dragons
  2 bone dragons
  Arachne (Spider:2)
  A Tzitzimitl (Zot:4)
  2 liches
  Rupert (Lair:3)
  An Ice Fiend (D:6)
  A Hell Sentinel (Abyss:2)
  11 tentacled monstrosities
  25 Orb Guardians
  4 quicksilver dragons
  5 titans (Vaults:5)
  2 krakens
  A tentacled starspawn (Abyss:2)
  5 death cobs
  An Executioner (Abyss:2)
  An ancient champion (Vaults:2)
  The ghost of rasy the Severer, an adept MiFi of Okawaru (Shoals:4)
  4 sphinxes
  Roxanne (Shoals:1)
  11 shadow dragons
  4 draconian monks
  Ilsuiw (Shoals:3)
  8 fire giants
  10 storm dragons
  2 tengu reavers
  Donald (Shoals:1)
  A deep elf sorcerer (Vaults:5)
  3 draconian knights
  4 balrugs (Zot:2)
  4 ghost moths (Spider:4)
  19 vault wardens
  2 curse skulls (Vaults:1)
  3 draconian scorchers
  8 frost giants
  6 emperor scorpions (Spider:4)
  2 deep elf elementalists
  3 orc warlords
  9 ironheart preservers
  5 draconian shifters
  A spriggan defender (Depths:3)
  8 draconian stormcallers
  3 draconian annihilators
  A reaper (IceCv)
  2 war gargoyles (Vaults:5)
  17 very ugly things
  27 stone giants
  5 vampire knights
  12 black draconians
  8 entropy weavers
  6 purple draconians
  13 red draconians
  6 green draconians
  7 white draconians
  9 yellow draconians
  A spark wasp (Spider:4)
  The ghost of DarkMoon the Transmogrifier, a journeyman DrTm of Sif Muna (Lair:1)
  3 deep elf death magi (Zot:2)
  5 merfolk javelineers
  A crystal guardian (Vaults:3)
  2 green deaths
  6 fire dragons
  5 merfolk impalers
  10 ettins
  2 deep elf high priests
  26 yaktaur captains
  20 ogre magi
  A jiangshi (Vaults:2)
  6 great orbs of eyes
  34 vault guards
  6 ice dragons
  14 rakshasas
  4 alligator snapping turtles
  8 hydras
  6 merfolk avatars
  5 spriggan air magi
  An anaconda (Lair:6)
  4 merfolk aquamancers
  A monstrous demonspawn (Depths:1)
  10 centaur warriors
  A satyr (Shoals:4)
  66 two-headed ogres
  A death knight (Vaults:2)
  4 tengu warriors
  11 death yaks
  2 hell hogs (Depths:5)
  A spriggan berserker (Depths:4)
  4 deep troll shamans
  7 thrashing horrors (Abyss:2)
  6 deep troll earth magi
  Urug (Lair:3)
  7 orc high priests
  Sonja (D:10)
  Nergalle (D:11)
  3 wretched stars (Abyss:2)
  The ghost of Kaptain the Covert, a novice OpWz (D:8)
  A spriggan (Depths:3)
  A soul eater (Depths:2)
  3 deep elf knights
  5 sixfirhies
  8 skeletal warriors
  16 hell knights
  2 iron trolls (Depths:1)
  A storm dragon skeleton (Depths:3)
  A gelid demonspawn (Depths:1)
  21 deep trolls
  A torturous demonspawn (Depths:1)
  5 glowing orange brains
  5 unseen horrors
  10 sea snakes
  3 wizards
  3 deep elf archers
  A shadow demon (Depths:2)
  5 flayed ghosts
  A harpy (shapeshifter) (Vaults:2)
  2 phantasmal warriors (Vaults:5)
  A lindwurm (Lair:5)
  7 necromancers
  A wolf spider zombie (D:14)
  25 harpies
  A golden dragon skeleton (Depths:3)
  27 orc knights
  9 ironbrand convokers
  A shadow dragon zombie (Depths:3)
  14 deep elf magi
  3 oklob plants
  7 orc sorcerers
  6 fauns
  25 orb spiders
  A stone giant zombie (Vaults:3)
  41 ugly things
  A moth of wrath (shapeshifter) (D:14)
  A shining eye (Abyss:2)
  A sphinx skeleton (Depths:4)
  20 wolf spiders
  18 manticores
  29 moths of wrath
  13 cyclopes
  13 elephants
  10 merfolk sirens
  3 worldbinders (Abyss:2)
  4 guardian serpents
  A stone giant skeleton (Vaults:3)
  A water nymph (shapeshifter) (Vaults:5)
  3 water nymphs
  16 vault sentinels
  2 eyes of devastation (shapeshifter) (Vaults:5)
  9 apocalypse crabs (Depths:3)
  11 black mambas
  An orange demon (Depths:2)
  A gargoyle (D:14)
  A smoke demon (Abyss:2)
  2 ice statues (IceCv)
  2 rime drakes
  2 torpor snails
  20 cane toads
  3 kobold demonologists
  A hellion (Depths:1)
  50 yaktaurs
  A tormentor (Abyss:2)
  4 efreet
  13 demonic crawlers
  5 ice devils (IceCv)
  A komodo dragon (shapeshifter) (Vaults:2)
  A hellwing (Depths:2)
  8 freezing wraiths
  4 harpy zombies (Zot:2)
  6 komodo dragons
  An ancient zyme (Abyss:2)
  A red devil (Depths:1)
  2 tengu conjurers
  30 jumping spiders
  A troll (shapeshifter) (Depths:3)
  3 meliai (Lair:6)
  17 merfolk
  A queen bee (shapeshifter) (Vaults:5)
  9 trolls
  A hornet (shapeshifter) (Depths:4)
  A polar bear (shapeshifter) (Depths:5)
  A queen bee (Lair:6)
  6 hornets
  4 tyrant leeches (Spider:4)
  4 wind drakes
  11 polar bears
  Grinder (D:6)
  A hippogriff (shapeshifter) (Vaults:2)
  22 slime creatures
  Prince Ribbit (D:5)
  11 hippogriffs
  A slime creature (shapeshifter) (Depths:2)
  15 snapping turtles
  6 blink frogs
  A stone giant simulacrum (Vaults:2)
  15 raiju
  A centaur simulacrum (D:15)
  2 vampires
  2 meliai zombies
  70 redbacks
  A ynoxinul (Abyss:2)
  2 shadows
  9 water elementals
  A tarantella (shapeshifter) (Depths:4)
  14 wyverns
  5 wraiths
  61 yaks
  13 tarantellas
  3 fire bats (Abyss:2)
  A yak (shapeshifter) (D:14)
  A golden eye (shapeshifter) (Vaults:4)
  2 basilisks
  A human simulacrum (Vaults:1)
  4 vampire mosquitoes
  A spatial vortex (Abyss:2)
  11 wargs
  An acid dragon (Vaults:2)
  A soldier ant (D:15)
  Menkaure (D:4)
  12 porcupines
  32 hell hounds
  A floating eye (Depths:4)
  20 water moccasins
  Duvessa (D:5)
  2 sky beasts
  A black bear (shapeshifter) (Vaults:2)
  61 orc warriors
  5 large abominations (Abyss:2)
  13 black bears
  2 necrophages
  3 phantoms
  4 ice beasts
  An eye of draining (shapeshifter) (Vaults:2)
  69 ogres
  A boggart (Zot:2)
  13 wolves (Lair:6)
  18 centaurs
  11 crocodiles
  8 big kobolds
  2 elf zombies
  32 bullfrogs
  5 earth elementals
  Dowan (D:5)
  A deep troll simulacrum (Vaults:1)
  5 scorpions
  7 small abominations (Abyss:2)
  29 killer bees
  31 wights
  5 howler monkeys
  2 vampire bats (Abyss:2)
  2 crimson imps (Depths:1)
  2 bullfrog zombies
  5 human zombies (D:15)
  9 starcursed masses (Abyss:2)
  5 centaur zombies
  A quasit (D:12)
  8 hounds
  4 bullfrog skeletons
  5 centaur skeletons
  2 iron imps
  2 jellies
  47 orc priests
  28 orc wizards
  2 human skeletons
  7 iguanas
  12 worker ants
  An ogre skeleton (D:15)
  2 hound skeletons
  A howler monkey zombie (D:5)
  3 worker ant zombies
  6 gnolls
  A howler monkey skeleton (D:4)
  16 adders
  9 river rats (D:5)
  6 shadow imps
  25 white imps
  12 ufetubi
  2 adder skeletons
  3 worms
  3 dart slugs
  5 leopard geckos
  130 orcs
  3 ball pythons
  5 bats
  10 giant cockroaches
  8 goblins
  11 hobgoblins
  11 jackals
  10 quokkas
  7 frilled lizards
  34 kobolds
  A leopard gecko skeleton (D:4)
  A quokka skeleton (D:5)
  24 rats
  A bush (Lair:1)
  A butterfly (Zot:2)
  A starspawn tentacle (Abyss:2)
  7 tentacles
2433 creatures vanquished.

Vanquished Creatures (collateral kills)
  2 golden dragons
  A tentacled monstrosity (Zot:1)
  An Orb Guardian (Zot:5)
  A death cob (Zot:4)
  A draconian monk (Zot:3)
  A draconian knight (Zot:1)
  A draconian shifter (Zot:1)
  A draconian annihilator (Zot:1)
  A draconian stormcaller (Depths:5)
  A stone giant (Depths:4)
  3 very ugly things
  3 green draconians
  A white draconian (Zot:4)
  3 yellow draconians
  3 black draconians (Zot:1)
  A red draconian (Zot:1)
  A purple draconian (Zot:1)
  A spark wasp (Depths:4)
  A fire dragon (Depths:1)
  A yaktaur captain (Depths:3)
  2 ice dragons
  2 two-headed ogres
  An ogre mage (Depths:1)
  A spriggan berserker (Depths:3)
  A hell hog (Depths:5)
  A vampire mage (Depths:1)
  A titan skeleton (Depths:4)
  2 iron trolls
  A hell knight (Depths:4)
  A deep troll (Depths:4)
  A flayed ghost (Depths:3)
  2 phantasmal warriors (Depths:2)
  A necromancer (Depths:3)
  5 ugly things
  3 moths of wrath
  An orange demon (Depths:1)
  3 yaktaurs (Depths:5)
  2 slime creatures (Depths:1)
  2 raiju (Zot:2)
  A spriggan (shapeshifter) (Depths:1)
  3 ogres (Depths:1)
  A crimson imp (Depths:1)
  A shadow imp (Depths:1)
68 creatures vanquished.

Vanquished Creatures (others)
  A sea snake (Shoals:3)
  A wolf spider (Spider:2)
  A jumping spider (Spider:4)
  A redback (Spider:4)
  A wyvern (D:8)
  A golden eye (Abyss:2)
  A wight (Abyss:2)
  A crimson imp (Depths:1)
  An orc wizard (D:5)
  2 white imps (IceCv)
  5 ufetubi (IceCv)
  A butterfly (Abyss:2)
  36 fungi
  191 plants
  3 starspawn tentacles (Abyss:2)
  9 tentacles
256 creatures vanquished.

Grand Total: 2757 creatures vanquished

Notes
Turn   | Place    | Note
-------+----------+-------------------------------------------
     0 | D:1      | tikhun the Minotaur Fighter began the quest for the Orb.
     0 | D:1      | Reached XP level 1. HP: 19/19 MP: 0/0
   173 | D:1      | Reached XP level 2. HP: 20/27 MP: 1/1
   355 | D:1      | Reached XP level 3. HP: 33/33 MP: 2/2
  1290 | D:2      | Reached XP level 4. HP: 40/40 MP: 3/3
  2219 | D:3      | Found a glowing silver altar of Zin.
  2322 | D:4      | Reached XP level 5. HP: 41/47 MP: 4/4
  2352 | D:4      | Noticed Menkaure
  2399 | D:4      | Killed Menkaure
  2399 | D:4      | Reached skill level 5 in Fighting
  2399 | D:4      | Reached skill level 5 in Armour
  2399 | D:4      | Reached skill level 5 in Shields
  2399 | D:4      | Reached XP level 6. HP: 9/56 MP: 5/5
  2489 | D:5      | Entered Level 5 of the Dungeon
  2504 | D:5      | Reached skill level 5 in Axes
  2784 | D:4      | Reached XP level 7. HP: 51/61 MP: 6/6
  3441 | D:5      | Noticed Duvessa
  3441 | D:5      | Noticed Dowan
  3451 | D:5      | Killed Duvessa
  3455 | D:5      | Killed Dowan
  3548 | D:5      | Reached XP level 8. HP: 71/71 MP: 7/7
  3663 | D:5      | Found an iron altar of Okawaru.
  3671 | D:5      | Became a worshipper of Warmaster Okawaru
  3698 | D:5      | Noticed Prince Ribbit
  3703 | D:5      | Killed Prince Ribbit
  4341 | D:6      | Found a staircase to the Ecumenical Temple.
  4360 | D:6      | Reached * piety under Okawaru
  4526 | D:6      | Found a shimmering altar of Xom.
  4609 | D:6      | Noticed a two-headed ogre
  4649 | D:6      | Killed a two-headed ogre
  4649 | D:6      | Reached ** piety under Okawaru
  4649 | D:6      | Reached XP level 9. HP: 36/81 MP: 8/8
  4795 | D:6      | Noticed Grinder
  4807 | D:6      | Killed Grinder
  5370 | D:7      | Reached *** piety under Okawaru
  5435 | D:7      | Reached skill level 10 in Axes
  6576 | Temple   | Entered the Ecumenical Temple
  6880 | D:8      | Noticed Kaptain's ghost (novice OpWz)
  6881 | D:8      | Found a bloodstained altar of Trog.
  6896 | D:8      | Reached XP level 10. HP: 80/90 MP: 9/9
  6961 | D:8      | Found a transporter.
  6962 | D:8      | Identified the cursed +8 giant club "Mohoriv" {distort,
                  | Dex+3}
  6962 | D:8      | Noticed a two-headed ogre
  6962 | D:8      | Noticed a moth of wrath
  7011 | D:8      | Reached **** piety under Okawaru
  7080 | D:8      | Noticed a centaur warrior
  7097 | D:8      | Killed a centaur warrior
  7159 | D:8      | Noticed an unseen horror
  7161 | D:8      | Noticed a cyan very ugly thing
  7162 | D:8      | Found a transporter.
  7162 | D:8      | Noticed a skeletal warrior
  7162 | D:8      | Noticed a six-headed hydra
  7336 | D:8      | Found a transporter.
  7436 | D:8      | Found a transporter.
  7464 | D:8      | Identified the +7 flail of the Lies {freeze, Dex+4}
  7465 | D:8      | Identified the +10 giant spiked club of Reasonable
                  | Forgiveness {flame, rElec Str+8 Dex-5}
  7859 | D:9      | Reached ***** piety under Okawaru
  8070 | D:9      | Noticed a two-headed ogre
  8077 | D:9      | Killed a two-headed ogre
  8087 | D:9      | Got a faintly humming leather armour
  8098 | D:9      | Identified the +6 leather armour "Tedaped" {Regen+ rCorr
                  | Int+3 Slay-2} (You found it on level 9 of the Dungeon)
  8128 | D:9      | Got a spiked plate armour
  8139 | D:9      | Identified the cursed +1 plate armour "Ysasiv" {MR+ rCorr}
                  | (You found it on level 9 of the Dungeon)
  8620 | D:10     | Entered Level 10 of the Dungeon
  8633 | D:10     | Reached skill level 10 in Fighting
  8639 | D:10     | Reached skill level 10 in Armour
  8724 | D:10     | Noticed Sonja
  8773 | D:10     | Reached skill level 10 in Shields
  8784 | D:9      | Reached XP level 11. HP: 89/99 MP: 10/10
  8806 | D:10     | Received a gift from Okawaru
  8809 | D:10     | Got a spiked plate armour {god gift}
  8822 | D:10     | Reached skill level 1 in Invocations
  8822 | D:10     | Reached skill level 1 in Evocations
  8897 | D:10     | Found a staircase to the Orcish Mines.
  8922 | D:10     | Identified the +8 plate armour of the Present {rPois Int+2
                  | Slay+2} (Okawaru gifted it to you on level 10 of the
                  | Dungeon)
  8984 | D:10     | Noticed an unseen horror
  8995 | D:10     | Killed an unseen horror
  9005 | D:10     | Found Piepoi Kagg's Book Boutique.
  9007 | D:10     | Noticed an unseen horror
  9021 | D:10     | Killed an unseen horror
  9028 | D:10     | Noticed a four-headed hydra
  9094 | D:10     | Killed a four-headed hydra
  9252 | D:10     | Killed Sonja
  9345 | D:10     | Found a staircase to the Lair.
  9659 | Lair:1   | Entered Level 1 of the Lair of Beasts
  9810 | Lair:1   | Noticed DarkMoon's ghost (journeyman DrTm)
  9816 | Lair:1   | Found a transporter.
  9867 | Lair:1   | Found a transporter.
  9990 | Lair:1   | Noticed an oklob plant
 10136 | Lair:1   | Killed an oklob plant
 10633 | Lair:2   | Received a gift from Okawaru
 10668 | Lair:2   | You fall into a shaft and drop 2 floors!
 10802 | Lair:4   | Reached XP level 12. HP: 108/108 MP: 13/13
 10846 | Lair:4   | You fall into a shaft and drop 2 floors!
 10846 | Lair:6   | Entered Level 6 of the Lair of Beasts
 10880 | Lair:6   | Noticed an anaconda
 11215 | Lair:6   | Reached ****** piety under Okawaru
 11229 | Lair:6   | Noticed a death yak
 11230 | Lair:6   | Noticed a death yak
 11231 | Lair:6   | Noticed a death yak
 11232 | Lair:6   | Noticed a five-headed hydra
 11232 | Lair:6   | Noticed a death yak
 11275 | Lair:6   | Noticed a death yak
 11287 | Lair:6   | Noticed a four-headed hydra
 11305 | Lair:6   | Reached skill level 5 in Invocations
 11348 | Lair:6   | Noticed a death yak
 11349 | Lair:6   | Noticed a death yak
 11350 | Lair:6   | Noticed a death yak
 11358 | Lair:6   | Noticed a death yak
 11367 | Lair:6   | Noticed an eight-headed hydra
 11523 | Lair:5   | Received a gift from Okawaru
 11764 | Lair:3   | Noticed Rupert
 11770 | Lair:3   | Paralysed by Rupert for 6 turns
 11792 | Lair:3   | Killed Rupert
 11792 | Lair:3   | Reached skill level 5 in Evocations
 11792 | Lair:3   | Reached XP level 13. HP: 108/117 MP: 14/16
 12098 | Lair:3   | Noticed Urug
 12116 | Lair:3   | Killed Urug
 12303 | Lair:2   | Found a hole to the Spider Nest.
 12392 | Lair:2   | Found a staircase to the Shoals.
 12445 | Lair:2   | Received a gift from Okawaru
 12446 | Lair:2   | Got a smoking hand axe {god gift}
 12447 | Lair:2   | Identified the +5 hand axe of Sharp Tortfeasance {vorpal,
                  | rElec Dex-2 Stlth+} (Okawaru gifted it to you on level 2 of
                  | the Lair of Beasts)
 14591 | Lair:5   | Found a sacrificial altar of Ru.
 14788 | Lair:5   | Received a gift from Okawaru
 15044 | Lair:5   | Reached XP level 14. HP: 73/127 MP: 18/18
 15274 | Lair:6   | Received a gift from Okawaru
 15277 | Lair:6   | Reached skill level 15 in Armour
 15990 | Lair:6   | Received a gift from Okawaru
 16008 | Lair:6   | Got a pair of twisted boots {god gift}
 16014 | Lair:6   | Identified the +1 pair of boots of Impressiveness {Slay+2}
                  | (Okawaru gifted it to you on level 6 of the Lair of Beasts)
 16134 | Lair:6   | Found a staircase to the Slime Pits.
 16937 | Lair:6   | Reached skill level 1 in Dodging
 16945 | Lair:6   | Reached skill level 1 in Throwing
 17310 | Orc:1    | Entered Level 1 of the Orcish Mines
 17439 | Orc:2    | Entered Level 2 of the Orcish Mines
 17474 | Orc:2    | Reached skill level 15 in Axes
 17942 | Orc:2    | Reached XP level 15. HP: 58/136 MP: 19/19
 18066 | Orc:2    | Found a roughly hewn altar of Beogh.
 18069 | Orc:2    | Received a gift from Okawaru
 18080 | Orc:2    | Found Roug Zemi's Distillery.
 18084 | Orc:2    | Bought a potion of haste for 130 gold pieces
 18084 | Orc:2    | Bought a potion of cancellation for 104 gold pieces
 18084 | Orc:2    | Bought a potion of resistance for 130 gold pieces
 18084 | Orc:2    | Bought a potion of haste for 130 gold pieces
 18084 | Orc:2    | Bought a potion of might for 52 gold pieces
 18084 | Orc:2    | Bought a potion of curing for 39 gold pieces
 18089 | Orc:2    | Found Buow's General Store.
 18094 | Orc:2    | Bought a phial of floods for 480 gold pieces
 18094 | Orc:2    | Bought a scroll of fear for 42 gold pieces
 18404 | Orc:2    | Noticed an orc warlord
 18427 | Orc:2    | Killed an orc warlord
 18483 | Orc:2    | Found Pauff's Antique Weapon Shoppe.
 18565 | Orc:2    | Found a roughly hewn altar of Beogh.
 18585 | Orc:2    | Found Tonir's Weapon Emporium.
 18612 | Orc:2    | Bought 7 atropa-tipped darts for 54 gold pieces
 18849 | Orc:2    | Noticed an orc warlord
 18864 | Orc:2    | Killed an orc warlord
 19241 | Orc:2    | Found a staircase to the Elven Halls.
 20078 | D:11     | Received a gift from Okawaru
 20108 | D:11     | Found the +10 zealot's sword {holy, *Rage rN+ EV+3}
 20219 | D:11     | Noticed Nergalle
 20225 | D:11     | Killed Nergalle
 20966 | D:12     | Got an iridescent dagger
 20967 | D:12     | Identified the cursed +1 dagger "Azxofyokhli" {vorpal, MR+
                  | Dex+4} (You found it on level 12 of the Dungeon)
 20987 | D:12     | Found a portal to a secret trove of treasure.
 21514 | D:12     | Received a gift from Okawaru
 21515 | D:12     | Got a faintly humming robe {god gift}
 21516 | D:12     | Identified the +1 robe "Ajoyrch" {rCorr} (Okawaru gifted it
                  | to you on level 12 of the Dungeon)
 22305 | D:14     | Reached XP level 16. HP: 141/147 MP: 20/20
 22577 | D:14     | You fall into a shaft and drop 1 floor!
 22577 | D:15     | Entered Level 15 of the Dungeon
 22702 | D:15     | Found a bloodstained altar of Trog.
 22844 | D:15     | Found a staircase to the Depths.
 22857 | D:15     | Reached skill level 15 in Fighting
 22993 | D:15     | Found a frozen archway.
 23014 | IceCv    | Entered an ice cave
 23186 | IceCv    | Reached skill level 5 in Dodging
 23505 | D:15     | Received a gift from Okawaru
 23789 | D:15     | Found a basalt altar of Yredelemnul.
 23931 | D:15     | Reached skill level 5 in Throwing
 24266 | Spider:1 | Entered Level 1 of the Spider Nest
 24916 | Spider:2 | Noticed Arachne
 25152 | Spider:2 | Killed Arachne
 25193 | Spider:2 | Received a gift from Okawaru
 27131 | Spider:4 | Entered Level 4 of the Spider Nest
 27478 | Spider:4 | Received a gift from Okawaru
 27508 | Spider:4 | Got a jewelled chain mail {god gift}
 27509 | Spider:4 | Identified the +4 chain mail "Loul" {Dex+3} (Okawaru gifted
                  | it to you on level 4 of the Spider Nest)
 27619 | Spider:4 | Reached XP level 17. HP: 148/158 MP: 21/21
 28776 | Spider:4 | Reached skill level 15 in Shields
 28936 | Spider:4 | Received a gift from Okawaru
 29108 | Spider:4 | Got a gossamer rune of Zot
 29259 | Shoals:1 | Entered Level 1 of the Shoals
 29450 | D:8      | Killed Kaptain's ghost
 29451 | D:8      | Cast into level 2 of the Abyss (two-headed ogre)
 29701 | Abyss:2  | Gained mutation: Armour fits poorly on your strangely
                  | shaped body. [a shining eye]
 29707 | Abyss:2  | Gained mutation: Scrolls take you a little longer to read.
                  | [a shining eye]
 29707 | Abyss:2  | Paralysed by accursed screaming for 2 turns
 29709 | Abyss:2  | Gained mutation: Your natural rate of healing is unusually
                  | fast. [a shining eye]
 29711 | Abyss:2  | Gained mutation: Your body sometimes deteriorates upon
                  | taking damage. [a shining eye]
 29901 | Abyss:2  | Noticed a bone dragon
 29921 | Abyss:2  | Killed a bone dragon
 30010 | D:8      | Escaped the Abyss
 30212 | Lair:1   | Killed DarkMoon's ghost
 31160 | Shoals:1 | Noticed Donald
 31191 | Shoals:1 | Killed Donald
 31234 | Shoals:1 | Reached XP level 18. HP: 114/170 MP: 20/22
 31324 | Shoals:1 | Identified Roxanne's Tome of the Mountains
 31324 | Shoals:1 | Noticed Roxanne
 31518 | Shoals:1 | Killed Roxanne
 32075 | Shoals:2 | Received a gift from Okawaru
 33118 | Shoals:3 | Identified a scroll of acquirement
 33120 | Shoals:3 | Acquired 1080 gold pieces
 33198 | Shoals:3 | Noticed Ilsuiw
 33222 | Shoals:3 | Killed Ilsuiw
 33236 | Shoals:3 | Cast into level 2 of the Abyss (merfolk impaler)
 33308 | Abyss:2  | Noticed a Hell Sentinel
 33347 | Abyss:2  | Killed a Hell Sentinel
 33763 | Shoals:3 | Escaped the Abyss
 33842 | Shoals:3 | Reached skill level 10 in Evocations
 33847 | Shoals:3 | Received a gift from Okawaru
 34168 | Shoals:4 | Entered Level 4 of the Shoals
 34281 | Shoals:4 | Received a gift from Okawaru
 34287 | Shoals:4 | Got a faintly glowing plate armour {god gift}
 34290 | Shoals:4 | Identified the +9 plate armour "Angups" {rF+ MR+ Str+3}
                  | (Okawaru gifted it to you on level 4 of the Shoals)
 34842 | Shoals:4 | Got a barnacled rune of Zot
 35113 | Shoals:4 | Got a bloodstained great sword
 35116 | Shoals:4 | Identified the cursed +3 great sword "Vakoap" {drain, rN++
                  | Int+7} (You found it on level 4 of the Shoals)
 35153 | Shoals:4 | Found Qahaj's Armour Boutique.
 35305 | Shoals:4 | Upgraded the game from 0.26-a0-639-g72c4674329 to
                  | 0.26-a0-642-g67e99244d3
 35556 | Shoals:4 | Found a runed translucent gate.
 35556 | Shoals:4 | Found a runed translucent gate.
 35557 | Shoals:4 | Found a runed translucent gate.
 35558 | Shoals:4 | Noticed rasy's ghost (adept MiFi)
 35595 | Shoals:4 | Reached XP level 19. HP: 180/180 MP: 15/23
 35637 | Shoals:4 | Killed rasy's ghost
 35792 | Shoals:4 | Got a shimmering marble ring
 35795 | Shoals:4 | Identified the ring of Merghucve {rC+ Dex+2} (You found it
                  | on level 4 of the Shoals)
 36211 | D:14     | Found a gate to the Vaults.
 36901 | Vaults:1 | Entered Level 1 of the Vaults
 36934 | Vaults:1 | Received a gift from Okawaru
 37132 | Vaults:1 | Found a flickering gateway to a bazaar.
 37137 | Bazaar   | Entered a bazaar
 37152 | Bazaar   | Found Ylafrekh's Jewellery Emporium.
 37160 | Bazaar   | Bought the ring of Miegaona {rF+ MR+ Dex+7 SInv} for 838
                  | gold pieces
 37189 | Bazaar   | Found Xozxibbu's Gadget Boutique.
 37243 | Bazaar   | Found Ynolad's Gadget Emporium.
 37288 | Bazaar   | Found Tyfeyn's Jewellery Emporium.
 37731 | Vaults:1 | Reached skill level 10 in Dodging
 38188 | Vaults:1 | Got a polished glaive
 38191 | Vaults:1 | Identified the +5 glaive of Ru's Righteous Anger {holy, MR+
                  | Dex-2 SInv} (You found it on level 1 of the Vaults)
 38910 | Vaults:2 | Got a buzzing arbalest
 38913 | Vaults:2 | Identified the +4 arbalest of Immorality {penet, rF++ rC-
                  | MP+9 SInv} (You found it on level 2 of the Vaults)
 39432 | Vaults:2 | Found a staircase to the Crypt.
 39472 | Vaults:1 | Received a gift from Okawaru
 39483 | Vaults:1 | Got a bronze plate armour {god gift}
 39486 | Vaults:1 | Identified the +0 plate armour of the Marlin {rF- Int+7
                  | Dex-2 Slay+5} (Okawaru gifted it to you on level 1 of the
                  | Vaults)
 39966 | Vaults:2 | Reached XP level 20. HP: 191/191 MP: 21/24
 40180 | Vaults:2 | Identified the +1 robe "Omolenann" {rF+ Str+3 Slay+3}
 41299 | Vaults:3 | Identified the Reference Book on Combat Magic
 41539 | Vaults:3 | Got a shimmering chain mail
 41542 | Vaults:3 | Identified the cursed +0 chain mail "Veliy" {+Fly Stlth+}
                  | (You found it on level 3 of the Vaults)
 42048 | Vaults:3 | Received a gift from Okawaru
 42186 | Vaults:3 | Found Pigapt's Antique Armour Boutique.
 42509 | Vaults:4 | Found Wenlouso's Jewellery Shop.
 42550 | Vaults:4 | Received a gift from Okawaru
 42560 | Vaults:4 | Found Fara's Armour Emporium.
 42600 | Vaults:4 | Bought the ring of Perfectionism {AC+4 Str+8 Int-4} for 822
                  | gold pieces
 42728 | Vaults:4 | Found Gaxa Vell's Jewellery Shoppe.
 42791 | Vaults:4 | Found Joirr's Weapon Emporium.
 42801 | Vaults:4 | Received a gift from Okawaru
 42911 | Vaults:4 | Reached XP level 21. HP: 179/202 MP: 25/25
 43087 | Vaults:4 | Found Teudoq's Book Shop.
 43171 | Vaults:4 | Received a gift from Okawaru
 43875 | Vaults:5 | Entered Level 5 of the Vaults
 44006 | Vaults:5 | Received a gift from Okawaru
 44308 | Vaults:5 | Identified the +1 trident of the Volcano {vorpal, *Contam
                  | +Rage rPois Dex+7}
 44316 | Vaults:5 | Identified the ring "Neopep" {*Contam rF+ Dex+8}
 44382 | Vaults:5 | Identified the +8 broad axe of Circularity {vorpal, Str+2
                  | Stlth+}
 44403 | Vaults:5 | Got a silver rune of Zot
 44597 | Vaults:5 | Reached XP level 22. HP: 203/213 MP: 26/26
 44847 | Vaults:5 | Received a gift from Okawaru
 44875 | Vaults:5 | Got a scintillating bronze ring
 44882 | Vaults:5 | Identified the ring "Hemauxij" {Str+3 Int+6} (You found it
                  | on level 5 of the Vaults)
 44990 | Vaults:5 | Noticed a golden dragon
 45004 | Vaults:5 | Noticed an ancient lich
 45030 | Vaults:5 | Identified the +3 morningstar of Cobwebs {vorpal, SInv}
 45262 | Vaults:5 | Identified the amulet "Viaqa" {Spirit MR+}
 45366 | Vaults:5 | Killed a golden dragon
 45549 | Vaults:4 | Killed an ancient lich
 45705 | Vaults:5 | Identified the Disquisition on the Blaze and the Snowflakes
 45735 | Vaults:5 | Got a crude halberd
 45739 | Vaults:5 | Identified the cursed +2 halberd of Change {vorpal, MP+9
                  | Dex+3} (You found it on level 5 of the Vaults)
 45914 | Vaults:5 | Received a gift from Okawaru
 45915 | Vaults:5 | Found the +14 obsidian axe {vorpal, +Fly SInv *Curse}
 46591 | Depths:1 | Entered Level 1 of the Depths
 46945 | Depths:1 | Found a gateway to Hell.
 47072 | Depths:1 | Found a one-way gate leading to the halls of Pandemonium.
 47264 | Depths:2 | Reached XP level 23. HP: 223/223 MP: 27/27
 47293 | Depths:2 | Received a gift from Okawaru
 47756 | Depths:2 | Found a gateway to a ziggurat.
 47811 | Depths:2 | Found a runed translucent door.
 47828 | Depths:2 | Found a runed translucent door.
 47829 | Depths:2 | Identified the +5 halberd of Goapaarhock {pain, rF+ MP+9}
 47858 | Depths:2 | Received a gift from Okawaru
 48160 | Depths:2 | Received a gift from Okawaru
 48859 | Depths:3 | Paralysed by you for 3 turns
 48944 | Depths:3 | Paralysed by you for 7 turns
 49750 | Depths:4 | Received a gift from Okawaru
 49892 | Depths:4 | Received a gift from Okawaru
 49932 | Depths:4 | Got a pair of faintly humming gloves {god gift}
 49935 | Depths:4 | Identified the +0 pair of gloves "Dufy" {rN+ Str-3 Stlth+}
                  | (Okawaru gifted it to you on level 4 of the Depths)
 50114 | Depths:4 | Found a one-way gate to the infinite horrors of the Abyss.
 50486 | Depths:5 | Entered Level 5 of the Depths
 50496 | Depths:5 | Paralysed by a great orb of eyes for 4 turns
 50516 | Depths:5 | Reached XP level 24. HP: 190/235 MP: 27/27
 50797 | Depths:5 | Found Sustath's Gadget Emporium.
 50797 | Depths:5 | Found Mitad's Jewellery Boutique.
 50798 | Depths:5 | Found Tasomep's Gadget Emporium.
 50879 | Depths:5 | Found a gate to the Realm of Zot.
 51639 | Zot:1    | Entered Level 1 of the Realm of Zot
 51664 | Zot:1    | Received a gift from Okawaru
 51721 | Zot:1    | Received a gift from Okawaru
 52449 | Zot:1    | Got a bound marble ring
 52452 | Zot:1    | Identified the ring of Juopex {rElec rPois rF+ Dex+3} (You
                  | found it on level 1 of the Realm of Zot)
 52584 | Zot:1    | Received a gift from Okawaru
 52622 | Zot:1    | Got a steaming tower shield {god gift}
 52625 | Zot:1    | Identified the +14 tower shield of the Six Wars {Slay+3}
                  | (Okawaru gifted it to you on level 1 of the Realm of Zot)
 53142 | Zot:2    | Reached XP level 25. HP: 245/245 MP: 27/27
 53158 | Zot:2    | Reached skill level 15 in Dodging
 53297 | Zot:2    | You fall into a shaft and drop 1 floor!
 53911 | Zot:2    | Found a burning altar of Makhleb.
 53967 | Zot:2    | Identified the Catalogue of the Frostbite
 54058 | Zot:2    | Received a gift from Okawaru
 55045 | Zot:4    | Received a gift from Okawaru
 55668 | Zot:5    | Entered Level 5 of the Realm of Zot
 55680 | Zot:5    | Got a dazzling trident
 55683 | Zot:5    | Identified the +7 trident "Imp's Demise" {vorpal, rPois rC+
                  | Int+4 Stlth-} (You found it on level 5 of the Realm of Zot)
 56083 | Zot:5    | Noticed an ancient lich
 56097 | Zot:5    | Killed an ancient lich
 56100 | Zot:5    | Noticed an orb of fire
 56125 | Zot:5    | Noticed a Killer Klown
 56136 | Zot:5    | Killed a Killer Klown
 56136 | Zot:5    | Received a gift from Okawaru
 56141 | Zot:5    | Noticed an orb of fire
 56143 | Zot:5    | Gained mutation: Your spells are a little easier to cast,
                  | but a little less powerful. [an orb of fire]
 56153 | Zot:5    | Killed an orb of fire
 56160 | Zot:5    | Noticed an orb of fire
 56166 | Zot:5    | Noticed an orb of fire
 56171 | Zot:5    | Killed an orb of fire
 56171 | Zot:5    | Reached XP level 26. HP: 193/258 MP: 19/27
 56178 | Zot:5    | Killed an orb of fire
 56241 | Zot:5    | Received a gift from Okawaru
 56250 | Zot:5    | Got the Orb of Zot
 56280 | Zot:5    | Noticed Hiud the pandemonium lord
 56299 | Zot:5    | Noticed an ancient lich
 56300 | Zot:5    | Noticed an ancient lich
 56345 | Zot:4    | Received a gift from Okawaru
 56464 | Depths:5 | Noticed Anekuonke the pandemonium lord
 57122 | D:4      | Slain by an Ice Fiend

Illustrated notes

Levels and vault maps discovered:
D:1:      onia_arrival_pyramid, layout_rooms, serial_corexii_hall,
          corexii_hall_statues_i, corexii_hall_statues_x
D:2:      layout_basic
D:3:      minmay_door_path, layout_rooms, nicolae_overflow_crystal_walls
D:4:      layout_basic, st_stairs_9, uniq_menkaure
D:5:      lemuel_ratsnest, layout_gridville, basic_altar, uniq_duvessa,
          uniq_prince_ribbit1
D:6:      layout_cave_pools, minmay_temple_entry_from_below_b,
          serial_co_window_serial, co_window_paths_b, co_window_paths_b,
          co_window_corner_a, co_window_corner_a, co_window_corner_a,
          co_window_broadway_b, co_window_2corner, co_window_unsneaky_path_a,
          co_window_sun, tgw_xom, uniq_grinder
D:7:      layout_layer_cave, minivault_5, chequers_serial_rivers_marsh,
          minmay_fractal_squares_5
D:8:      gammafunk_sealed_arena, layout_gridville, serial_rivers,
          chequers_serial_rivers_micro_d, chequers_serial_rivers_micro_d,
          chequers_serial_rivers_room_a, chequers_serial_rivers_small_3,
          chequers_serial_rivers_small_3, chequers_serial_rivers_marsh,
          gammafunk_ghost_wrathful_warriors, minmay_manual_mess
D:9:      layout_loops_ring
D:10:     minmay_diamond_stairs, layout_cave_pools, david_lair_shrubbed,
          david_orc_3, serial_shops, shop, uniq_sonja
D:11:     layout_roguey, uniq_nergalle
D:12:     layout_basic, trove_entry_hex_spiral, minmay_rotating_lava
D:13:     layout_roguey, chequers_decorated_corner
D:14:     minmay_shrinking_squares, layout_long_grid, erik_vaults_2,
          minmay_shattered_shrine
D:15:     grunt_enter_depths_snipers, layout_loops_corners,
          portal_ice_cave_entry_imps, lemuel_mausoleum_altar_yredelemnul,
          lemuel_tele_altar
Temple:   nicolae_temple_the_god_donut
Lair:1:   layout_gridlike, gammafunk_ghost_arena, minmay_lair_oklob_bushes,
          chequers_serial_rivers_small_3
Lair:2:   layout_small_grid, shoals_dummy_entry,
          nicolae_spider_entry_orb_guardian, lemuel_fruit_fields,
          minmay_lair_oklob_chamber
Lair:3:   layout_loops_ring, uniq_rupert, uniq_urug
Lair:4:   layout_gridlike
Lair:5:   layout_loops_ring, basic_altar, st_stairs_4,
          chequers_serial_rivers_micro_d, grunt_megastairs_2
Lair:6:   hangedman_lair_caniforms_friends, layout_gridlike,
          hangedman_lair_tendril_chambers, dpeg_slime_entry_corner, special_room
          [special_room_bee]
Shoals:1: layout_shoals, uniq_roxanne, uniq_donald
Shoals:2: layout_shoals, hangedman_shoals_cup_caves
Shoals:3: layout_shoals, uniq_ilsuiw
Shoals:4: shoals_end_hangedman, layout_shoals, gammafunk_ghost_tricky_traps,
          serial_shops, shop_fountains
Spider:1: layout_spider_delve
Spider:2: layout_spider_delve, uniq_arachne
Spider:3: layout_chambers
Spider:4: grunt_spider_rune_circles, hangedman_stitches_earthworm
Orc:1:    layout_caves
Orc:2:    pubby_orc_utopia
Vaults:1: serial_ice_h, vaults_dpeg_ring, v_misc_11,
          nicolae_vaults_little_squares_2, ontoclasm_vaults_fault, v_misc_8,
          ontoclasm_vaults_decontamination, v_misc_12, hangedman_vaults_impose,
          v_pattern_2, vaults_dpeg_diagonal, vaults_room_hallway, v_misc_17,
          vaults_room_ringed_pool, nicolae_vaults_diagonal_hallway_7,
          nicolae_vaults_theta, nicolae_vaults_little_squares_4,
          layout_vaults_ring, serial_shops, bzr_entry_dummy
Vaults:2: ontoclasm_vaults_misaligned, v_misc_32, vaults_mumra_lcd,
          vaults_mumra_chevron_long, v_alt_pattern_2,
          nicolae_vaults_circle_grid_a, nicolae_vaults_angled_halls, v_misc_18,
          vaults_mumra_minichess_inversion, nicolae_vaults_sealed_display,
          dpeg_vaults_monster_row, layout_vaults_big_room,
          minmay_crypt_entry_simple_round
Vaults:3: v_alt_pattern_2, nicolae_vaults_border_crossing, v_misc_33, st_eye,
          ontoclasm_vaults_bender, vaults_standard_mumra_x,
          hangedman_vaults_corner_blocks, vaults_mumra_hexcomb,
          ontoclasm_vaults_chip, ontoclasm_vaults_twist,
          layout_vaults_maze_snakey, serial_shops, shop
Vaults:4: nicolae_vaults_big_angled_halls, v_misc_25,
          nicolae_vaults_little_squares_1, nicolae_vaults_rhombus_6,
          vaults_room_pools, special_room_vaults [special_room_orc],
          vaults_room_pool, v_misc_29, layout_vaults_quadrants, serial_shops,
          shop, nicolae_shop_competitors_out_of_business,
          nicolae_shop_waterfront, shop_coins, nicolae_shop_stone
Vaults:5: serial_shops
Depths:1: layout_big_octagon, grunt_pan_entry_sceptre, minmay_misc_feat_hallway,
          hell_entry, dk_noncrumbling_3, minmay_misc_feat_tiny,
          serial_bayou_lagoon_a, st_stairs_4, drop_trap,
          kennysheep_generic_room_8
Depths:2: minmay_expanding_circles, layout_basic, enter_ziggurat_d,
          grunt_hell_entry_dis_mu, rand_demon_pan_entry_4
Depths:3: gammafunk_mikee_crab_dinner, layout_honeycomb, nrook_campfire,
          hell_entry, pan_entry, st_stairs_3
Depths:4: kennysheep_blocky_hall, layout_basic, hell_entry, abyss_entry,
          serial_sigils_hangedman_scratch, infiniplex_staircase_zigzag_3
Depths:5: evilmike_zot_entry_argh, layout_basic, minmay_misc_feat_secret_circle,
          grunt_hell_horde, minmay_shop_grove
Zot:1:    layout_concentric_octagons
Zot:2:    hangedman_orp_of_zott, layout_gridlike, drop_trap, grunt_megastairs_4
Zot:3:    layout_cellular_growth
Zot:4:    layout_misc_corridors
Zot:5:    layout_gridlike, hangedman_zot_decor_tridents, lemuel_flame_loot_1

Skill      XL: |  1  2  3  4  5  6  7  8  9 10 11 12 13 14 15 16 17 18 19 20 21 22 23 24 25 26 |
---------------+-------------------------------------------------------------------------------+-----
Axes           | 3 4 5 6 9 10 12 13 14 15 16 17 18 19 20 21 22 23 24 25 | 25.9
Fighting       | 4 5 6 7 8 10 11 12 13 14 16 17 18 19 20 21 22 23 24 25 | 25.3
Armour         | 4 5 6 7 8 10 11 13 14 15 16 17 18 19 20 21 22 | 22.7
Shields        | 4 5 6 7 8 10 11 12 13 14 15 16 17 18 19 20 21 | 21.1
Invocations    | 3 5 6 7 |  7.8
Evocations     | 3 5 6 7 8 9 10 11 12 13 | 13.1
Dodging        | 2 4 6 8 9 10 11 12 13 14 16 17 | 17.4
Throwing       | 1 4 5 |  5.6

Action                   |  1- 3 |  4- 6 |  7- 9 | 10-12 | 13-15 | 16-18 | 19-21 | 22-24 | 25-27 || total
-------------------------+-------+-------+-------+-------+-------+-------+-------+-------+-------++-------
Melee: War axe           |   108 |   148 |   130 |       |       |       |       |       |       ||   386
       Headbutt          |    12 |    28 |    51 |   167 |   375 |   570 |   650 |   424 |   146 ||  2423
       Hand axe          |       |       |   180 |   706 |  1400 |  2220 |  1576 |   109 |    89 ||  6280
       Trident           |       |       |       |     8 |    22 |       |       |       |       ||    30
       Demon trident     |       |       |       |       |    70 |       |       |       |       ||    70
       Flail             |       |       |       |       |       |       |    16 |       |       ||    16
       Broad axe         |       |       |       |       |       |       |    19 |   997 |   314 ||  1330
Throw: Dart              |       |       |       |     7 |    32 |    40 |       |       |       ||    79
       Javelin           |       |       |       |       |       |    22 |    13 |       |       ||    35
Invok: Heroism           |       |       |       |     3 |    20 |    24 |    17 |    26 |    14 ||   104
       Finesse           |       |       |       |     1 |     5 |     8 |     5 |     6 |     4 ||    29
 Abil: Evoke Flight      |       |       |       |       |       |       |       |     3 |       ||     3
Evoke: Wand              |       |       |       |     3 |    18 |    17 |     1 |       |       ||    39
       Lightning rod     |       |       |       |       |       |     3 |     1 |       |     1 ||     5
       Tin of tremorston |       |       |       |       |       |       |     5 |       |       ||     5
  Use: Scroll            |     2 |     5 |     3 |    11 |    12 |    31 |    17 |    15 |     5 ||   101
       Potion            |       |     3 |       |     4 |     5 |     5 |     4 |     1 |    10 ||    32
 Stab: Invisible         |       |       |       |     3 |       |       |       |       |       ||     3
       Held in net/web   |       |       |       |       |       |     2 |       |       |       ||     2
       Sleeping          |       |       |       |       |       |     1 |       |       |       ||     1
       Distracted        |       |       |       |       |       |       |       |    17 |     9 ||    26
       Confused          |       |       |       |       |       |       |       |     2 |       ||     2
Armor: Scale mail        |    61 |    64 |   132 |    39 |       |       |       |       |       ||   296
       Plate armour      |       |       |       |   260 |   634 |  1091 |   409 |   256 |    86 ||  2736
       Leather armour    |       |       |       |     1 |       |       |       |       |       ||     1
Dodge: Dodged            |    46 |    48 |    88 |   133 |   314 |   660 |   479 |   345 |   103 ||  2216
Block: Kite shield       |    56 |    73 |   158 |   363 |   787 |  1471 |  1053 |   755 |       ||  4716
       Tower shield      |       |       |       |       |       |       |       |    93 |   556 ||   649

Table legend: (Time is in decaauts)
 A = Elapsed time spent in this place.
 B = Non-inter-level travel time spent in this place.
 C = Inter-level travel time spent in this place.
 D = Time resting spent in this place.
 E = Time spent auto-exploring this place.
 F = Levels seen in this place.
 G = Mean time per level.
                   A        B        C        D        E       F      G
               +--------+--------+--------+--------+--------+-----+--------+
         Total |  54642 |  51200 |   3442 |   5362 |  28749 |  51 | 1071.4 |
       Dungeon |  14859 |  13267 |   1592 |    601 |   8519 |  15 |  990.6 |
        Temple |    243 |    228 |     15 |      0 |    227 |   1 |  243.0 |
          Lair |   7554 |   6952 |    602 |   1227 |   3749 |   6 | 1259.0 |
        Shoals |   5051 |   4931 |    120 |   1155 |   1452 |   4 | 1262.8 |
   Spider Nest |   4688 |   4576 |    112 |    494 |   2689 |   4 | 1172.0 |
  Orcish Mines |   2459 |   2329 |    130 |      0 |   1680 |   2 | 1229.5 |
        Vaults |   8492 |   8089 |    403 |   1108 |   4148 |   5 | 1698.4 |
        Depths |   5243 |   5010 |    233 |    376 |   3162 |   5 | 1048.6 |
           Zot |   4442 |   4210 |    232 |    125 |   2742 |   5 |  888.4 |
         Abyss |    920 |    920 |      0 |    275 |      0 |   2 |  460.0 |
        Bazaar |    379 |    379 |      0 |      0 |    297 |   1 |  379.0 |
      Ice Cave |    306 |    306 |      0 |      0 |     82 |   1 |  306.0 |
               +--------+--------+--------+--------+--------+-----+--------+

Top non-repeatable levels by time:
Vaults:2: 2066 daAuts
   Orc:2: 1984 daAuts
Vaults:4: 1956 daAuts
Spider:4: 1917 daAuts
  Lair:6: 1768 daAuts
Vaults:5: 1750 daAuts
Shoals:4: 1725 daAuts
  Lair:5: 1656 daAuts
Shoals:1: 1630 daAuts
Vaults:1: 1606 daAuts
     D:7: 1418 daAuts
     D:5: 1398 daAuts
Spider:3: 1385 daAuts
Depths:5: 1304 daAuts
  Lair:2: 1287 daAuts
